AoeStats
← temppu

Four Lakes

510004039Analyzed
1v1 RM · 4d ago on Sep 29, 2026· 51m 29s· 2 players
Game mode
Random Map
Map size
Tiny (2 player)
Population
200
Speed
Normal
Resources
Standard
Victory
Conquest
Starting age
Dark Age
Ending age
Imperial Age
RankedLock teamsTeams togetherTeam positionsShared explorationLock speedFull tech treeHidden civsTurbo modeCheats
Victory
Defeat
🇫🇮 Danes · Finland
645
+14
🇨🇦 Romans · Canada
612
-14
Khan
11:37 Feudal Age
13:54 Man-at-Arms
19:36 Forging
21:12 Town Watch
25:45 Double-Bit Axe
30:11 Loom
38:14 Castle Age
38:36 Fishing Lines
39:18 Squires
41:45 Scale Mail Armor
42:23 Pikeman
43:31 Husbandry
46:30 Wheelbarrow
48:29 Long Swordsman
temppu
5:26 Loom
15:19 Feudal Age
15:55 Man-at-Arms
21:38 Fletching
21:42 Double-Bit Axe
25:27 Scale Barding Armor
25:33 Forging
25:24 Scale Mail Armor
27:38 Castle Age
26:32 Bloodlines
26:36 Bloodlines
33:28 Gold Mining
33:34 Stone Mining
34:38 Bow Saw
34:11 Horse Collar
35:34 Town Watch
36:25 Wheelbarrow
42:33 Bodkin Arrow
42:39 Padded Archer Armor
43:00 Chain Barding Armor
42:40 Scale Mail Armor
42:51 Forging
46:16 Imperial Age
45:17 Leather Archer Armor
45:52 Chain Mail Armor
47:52 Conscription
48:10 Hoardings
48:11 Plate Mail Armor
49:04 Iron Casting
50:35 Elite Jomsviking
Connection lost

Rejoining the realm…

Still unreachable

The connection could not be restored.

Session expired

The server has moved on; the page needs a fresh start.